 Dungeon Crawl Stone Soup version 0.18.1-5-g4a78601 (webtiles) character file.

108 MDvedh the Cutter (level 5, 0/32 HPs)
             Began as a Kobold Monk on May 9, 2016.
             Slain by Arial99's ghost (13 damage)
             ... on level 3 of the Dungeon.
             The game lasted 00:06:12 (2770 turns).

MDvedh the Cutter (Kobold Monk)                     Turns: 2770, Time: 00:06:13

Health: 0/32       AC:  3    Str: 10    XL:     5   Next: 12%
Magic:  5/5        EV: 24    Int:  8    God:
Gold:   99         SH:  0    Dex: 19    Spells: 0 memorised, 4 levels left

rFire  . . .     SeeInvis .     f - +0 short sword
rCold  . . .     Gourm    .     a - +1 robe
rNeg   . . .     Faith    .     (shield restricted)
rPois  .         Spirit   .     (no helmet)
rElec  .         Dismiss  .     (no cloak)
rCorr  .         Reflect  .     (no gloves)
SustAt .         Harm     .     (no boots)
MR     .....                    l - amulet of regeneration
Stlth  +++.......               p - +4 ring of evasion
                                k - +3 ring of evasion

@: not resistant to hostile enchantments, fairly stealthy
A: carnivore 3
a: no special abilities


You were on level 3 of the Dungeon.
You were very full.

You visited 1 branch of the dungeon, and saw 3 of its levels.

You collected 99 gold pieces.

Inventory:

Hand Weapons
 c - a +0 dagger
 f - a +0 short sword (weapon)
Missiles
 h - a throwing net (quivered)
Armour
 a - a +1 robe (worn)
Jewellery
 g - an uncursed amulet of guardian spirit {unknown}
 k - a +3 ring of evasion (left hand)
 l - an amulet of regeneration (around neck)
 m - a +5 ring of strength
 o - an uncursed ring of protection from cold
 p - a +4 ring of evasion (right hand)
Scrolls
 n - 2 scrolls of enchant armour
Potions
 d - a potion of heal wounds {unknown}
 e - a potion of cancellation {unknown}
 i - 2 potions of haste
 j - 2 potions of lignification {unknown}
Comestibles
 b - 2 meat rations


   Skills:
 - Level 3.2 Fighting
 + Level 5.5 Short Blades
 - Level 3.7 Dodging
 - Level 2.9 Stealth
 - Level 4.0 Unarmed Combat


You had 4 spell levels left.
You didn't know any spells.

Dungeon Overview and Level Annotations

Branches:
Dungeon (3/15)

Altars:

Annotations:
D:3 Arial99's ghost, amateur MiFi


Innate Abilities, Weirdness & Mutations

You are small and have problems with some larger weapons.
You are carnivorous and can eat meat at any time.


Message History

Arial99's ghost is heavily damaged.
Arial99's ghost misses you.
You hit Arial99's ghost.
Arial99's ghost is heavily damaged.
Arial99's ghost hits you.
You hit Arial99's ghost but do no damage.
Arial99's ghost is heavily damaged.
Arial99's ghost misses you.
You barely miss Arial99's ghost.
Arial99's ghost is heavily damaged.
Arial99's ghost hits you.
You hit Arial99's ghost but do no damage.
Arial99's ghost is heavily damaged.
You hit Arial99's ghost but do no damage.
Arial99's ghost is heavily damaged.
Arial99's ghost barely misses you.
You hit Arial99's ghost but do no damage.
Arial99's ghost is heavily damaged.
Arial99's ghost hits you!
You die...

###### ###
#####..[.#
##≈≈####..###...#
#.≈≈.##.##.#.#..#
#.≈≈.#@##.##....#
#.≈≈)W###.##....#
#.≈≈.## #.##.#..#
#.≈≈.# ##.##...#
#.≈≈.#. #.#....#
#.≈≈.#.###.##...#
#.≈≈.##.#.##.#..#
#.≈≈.#
#.###....####
#.≈≈.#
##.##.......#


You could see Arial99's ghost.

Vanquished Creatures
  3 adders
  A worm (D:3)
  2 dart slugs (D:1)
  A giant gecko (D:3)
  2 orcs (D:3)
  11 bats
  7 goblins
  15 hobgoblins
  6 jackals
  6 kobolds
  A quokka (D:3)
  A ball python (D:1)
  A giant newt (D:1)
  9 rats
66 creatures vanquished.

Notes
Turn   | Place    | Note
--------------------------------------------------------------
     0 | D:1      | MDvedh the Kobold Monk began the quest for the Orb.
     0 | D:1      | Reached XP level 1. HP: 14/14 MP: 1/1
   127 | D:1      | Reached skill level 1 in Short Blades
   287 | D:1      | Reached XP level 2. HP: 19/19 MP: 2/2
   312 | D:1      | Reached skill level 2 in Short Blades
   916 | D:1      | Reached XP level 3. HP: 22/23 MP: 3/3
  1083 | D:1      | Reached skill level 3 in Short Blades
  1671 | D:2      | Reached skill level 4 in Short Blades
  1702 | D:2      | Reached XP level 4. HP: 28/28 MP: 4/4
  2441 | D:3      | Reached skill level 5 in Short Blades
  2569 | D:3      | Reached XP level 5. HP: 26/32 MP: 5/5
  2732 | D:3      | Noticed Arial99's ghost (amateur MiFi)
  2770 | D:3      | Slain by Arial99's ghost

Skill      XL: |  1  2  3  4 |
---------------+-------------+-----
Short Blades   | 1 2 4 5 |  5.5
Fighting       | |  3.2
Dodging        | |  3.7
Stealth        | |  2.9
Unarmed Combat | |  4.0

Action                   |  1- 3 |  4- 6 || total
-------------------------+-------+-------++-------
Melee: Unarmed           |    13 |       ||    13
       Dagger            |   181 |   143 ||   324
       Punch             |     4 |     8 ||    12
       Short sword       |       |    79 ||    79
  Use: Scroll            |     2 |     1 ||     3
 Stab: Sleeping          |     8 |     3 ||    11
  Eat: Chunk             |    11 |     3 ||    14
Armor: Robe              |    21 |    21 ||    42
Dodge: Dodged            |   206 |   163 ||   369
